 Dungeon Crawl Stone Soup version 0.29-a0-43-g62a80824bf (webtiles) character file.

Game seed: 10018235962490438418

321 Mimshu the Firebug (level 6, -2/37 HPs)
             Began as an Octopode Fire Elementalist on Feb 2, 2022.
             Slain by a worm (11 damage)
             ... on level 4 of the Dungeon.
             The game lasted 00:13:44 (4908 turns).

Mimshu the Firebug (Octopode Fire Elementalist)     Turns: 4908, Time: 00:13:44

Health: -2/37      AC:  1    Str:  8    XL:     6   Next: 46%
Magic:  7/11       EV: 13    Int: 19    God:
Gold:   183        SH:  0    Dex: 12    Spells: 9/12 levels left

rFire   . . .      SeeInvis .   l - +3 spear
rCold   . . .      Faith    .   (no shield)
rNeg    . . .      Spirit   .   (helmet restricted)
rPois   .          Reflect  .   (no amulet)
rElec   .          Harm     .   (no ring)
rCorr   .          Rampage  .   (no ring)
Will    .....                   (no ring)
Stlth   +++.......              (no ring)
HPRegen 0.12/turn               (no ring)
MPRegen 0.12/turn               (no ring)
                                (no ring)
                                (no ring)

@: no status effects
A: almost no armour, amphibious, 8 rings, camouflage 1, gelatinous body 1,
(nimble swimmer 1), tentacles
a: no special abilities


You were on level 4 of the Dungeon.
You visited 1 branch of the dungeon, and saw 4 of its levels.

You collected 183 gold pieces.

Inventory:

Hand Weapons
 b - a +0 dagger
 c - a +0 short sword
 k - a +0 hunting sling
 l - a +3 spear (weapon)
 q - a +0 rapier of venom
 s - a +0 quarterstaff
Missiles
 m - 2 boomerangs
 n - 6 poisoned darts
 u - 82 stones
 w - 19 sling bullets
Magical Staves
 r - a staff of conjuration
Jewellery
 i - an amulet of the acrobat
Wands
 t - a wand of paralysis (8)
Scrolls
 f - 2 scrolls of identify {unknown}
 g - a scroll of fear {unknown}
 h - a scroll of holy word {unknown}
 j - 2 scrolls of blinking {unknown}
 p - a scroll of fog {unknown}
 v - a scroll of immolation {unknown}
 y - 2 scrolls of enchant armour {unknown}
Potions
 a - 2 potions of brilliance {unknown}
 d - 2 potions of attraction {unknown}
 e - a potion of curing {unknown}
 o - a potion of magic {unknown}
 x - a potion of resistance {unknown}
 z - a potion of heal wounds {unknown}


   Skills:
 + Level 0.5 Fighting
 - Level 0.2 Short Blades
 + Level 2.1 Polearms
 + Level 2.7 Dodging
 + Level 3.5 Stealth
 * Level 3.8 Spellcasting
 + Level 1.8 Conjurations
 + Level 4.3 Fire Magic


You had 9 spell levels left.
You knew the following spells:

 Your Spells              Type           Power      Damage    Failure   Level
a - Foxfire               Conj/Fire      60%        2x1d7     4%          1
b - Scorch                Fire           40%        2d7       3%          2

Your spell library contained the following spells:

 Spells                   Type           Power      Damage    Failure   Level
 Conjure Flame            Conj/Fire      15%        6-21      12%         3
 Beastly Appendage        Tmut           6%         N/A       14%         1
 Freeze                   Ice            12%        1d4       14%         1
 Inner Flame              Hex/Fire       11%        N/A       17%         3
 Wereblood                Tmut           3%         N/A       22%         2
 Flame Wave               Conj/Fire      15%        2d6       36%         4
 Frozen Ramparts          Ice            6%         1d2       38%         3
 Spider Form              Tmut/Pois      3%         N/A       38%         3
 Hailstorm                Conj/Ice       7%         3d4       67%         4


Dungeon Overview and Level Annotations

Branches:
Dungeon (4/15)
 Temple: D:4-7

Altars:
The Shining One


Innate Abilities, Weirdness & Mutations

You cannot wear most types of armour.
You are amphibious.
You can wear up to eight rings at the same time.
Your skin changes colour to match your surroundings (Stealth+).
Your rubbery body absorbs attacks. (AC +1, EV +1)
((You are camouflaged when in or above water. (Stealth+)))
You have tentacles for arms and can constrict up to eight enemies at once.


Message History

A kobold and an endoplasm come into view.
The kobold is wielding a +0 whip and quivering poisoned darts.
Found 20 gold pieces.
There are monsters nearby!
A phantom comes into view.
Casting: Scorch (safe; 3% risk of failure)
Confirm with . or Enter, or press ? or * to list all spells.
Flames lash the kobold.
You kill the kobold!
The endoplasm quivers.
The endoplasm freezes you.
You are frozen.
The phantom hits you!
The phantom blinks!
You blink.
A worm comes into view.
You hit the phantom.
The phantom is lightly damaged.
The phantom closely misses you.
Casting: Scorch (safe; 3% risk of failure)
Confirm with . or Enter, or press ? or * to list all spells.
Flames lash the worm.
The worm is lightly wounded.
The worm's fire resistance burns away.
The phantom misses you.
You hit the phantom. Your squeeze misses the phantom.
The phantom is moderately damaged.
The endoplasm completely misses you.
A hound skeleton comes into view.
The phantom hits you.
You hit the phantom.
The phantom is moderately damaged.
The endoplasm barely misses you. The phantom hits you!
* * * LOW HITPOINT WARNING * * *
You barely miss the phantom.
The phantom is moderately damaged.
The worm is no longer more vulnerable to fire.
The endoplasm freezes you.
You are frozen.
* * * LOW HITPOINT WARNING * * *
The phantom hits you.
* * * LOW HITPOINT WARNING * * *
The worm bites you!
You die...

...# #<#### #..#..#.######.####.
...# #....# #..###†.#.# #.# #.
...# #.##.##..##.##..## #.# #.
...###.##.#..##...##..# #.####.
...#......#.##).$..##.# #..#...
...#.#.#..#.. #...##..# ##.#.##
...#.#.#..##.. #.##..## #.#.#.
...#...#..# #..#J#..#.# #.#.#.
...#####..# #.w@..#.## #...#.
..........# #.#ZW.#.#.# #.....
#########.# # ######### #.....
#.# #...# #..... #.# #...# #.....
#####'#### #...# #.....
#........# #...# #....#
#........####...##########..#
#####............)..............#


You could see a phantom, a worm, an endoplasm and a hound skeleton.

Vanquished Creatures
  A scorpion (D:4)
  A hound (D:2)
  A jelly (D:4)
  An orc priest (D:3)
  3 hound skeletons (D:4)
  Robin (D:3)
  3 adders
  An adder skeleton (D:4)
  3 worms
  3 dart slugs
  4 orcs (D:3)
  5 ball pythons
  3 bats
  3 endoplasms
  3 giant cockroaches
  15 goblins
  6 hobgoblins
  4 jackals (D:3)
  9 quokkas
  3 frilled lizards (D:1)
  5 kobolds
  2 rats
80 creatures vanquished.

Vanquished Creatures (collateral kills)
  A foxfire (D:4)
1 creature vanquished.

Vanquished Creatures (others)
  85 foxfires
85 creatures vanquished.

Grand Total: 166 creatures vanquished

Notes
Turn   | Place    | Note
-------+----------+-------------------------------------------
     0 | D:1      | Mimshu the Octopode Fire Elementalist began the quest for
                  | the Orb.
     0 | D:1      | Reached XP level 1. HP: 11/11 MP: 3/3
   620 | D:1      | Reached XP level 2. HP: 17/17 MP: 1/5
  1466 | D:2      | Reached XP level 3. HP: 21/21 MP: 2/6
  1505 | D:2      | Learned a level 2 spell: Scorch
  2131 | D:2      | Reached XP level 4. HP: 24/27 MP: 2/8
  2884 | D:3      | Found a faded altar of an unknown god.
  2924 | D:3      | Noticed Robin
  2982 | D:3      | Killed Robin
  2983 | D:3      | Reached skill level 4 in Fire Magic
  2983 | D:3      | Reached XP level 5. HP: 5/31 MP: 3/9
  3473 | D:3      | Found a glowing golden altar of the Shining One.
  4380 | D:4      | Reached skill level 1 in Polearms
  4380 | D:4      | Reached XP level 6. HP: 37/37 MP: 5/11
  4908 | D:4      | Slain by a worm

Illustrated notes

Levels and vault maps discovered:
D:1:      giann_wishing_wells, layout_rooms
D:2:      layout_basic, amcnicky_mini_corridor_feature
D:3:      layout_basic, lemuel_doored_altar, basic_ecumenical_altar,
          portal_sewer_entry_f, kennysheep_cross_bottleneck, uniq_robin
D:4:      minmay_diamond_boxcup, layout_basic

Skill      XL: |  1  2  3  4  5  6 |
---------------+-------------------+-----
Stealth        | 3 |  3.5
Spellcasting   | 3 |  3.8
Fire Magic     | 4 |  4.3
Polearms       | 1 2 |  2.1
Fighting       | |  0.5
Short Blades   | |  0.2
Dodging        | |  2.7
Conjurations   | |  1.8

Action                   |  1- 3 |  4- 6 || total
-------------------------+-------+-------++-------
Melee: Dagger            |    10 |    20 ||    30
       Constrict         |     4 |    17 ||    21
       Tentacles         |     3 |    10 ||    13
       Unarmed           |     1 |       ||     1
       Spear             |       |    31 ||    31
 Cast: Foxfire           |    36 |    29 ||    65
       Scorch            |    11 |    37 ||    48
 Stab: Sleeping          |       |     4 ||     4
Armor: Skin              |     1 |     2 ||     3
Dodge: Dodged            |    11 |    45 ||    56

Table legend: (Time is in decaauts)
 A = Elapsed time spent in this place.
 B = Non-inter-level travel time spent in this place.
 C = Inter-level travel time spent in this place.
 D = Time resting spent in this place.
 E = Time spent auto-exploring this place.
 F = Levels seen in this place.
 G = Mean time per level.
                   A        B        C        D        E       F      G
               +--------+--------+--------+--------+--------+-----+--------+
         Total |   4908 |   4908 |      0 |   1551 |   2297 |   4 | 1227.0 |
       Dungeon |   4908 |   4908 |      0 |   1551 |   2297 |   4 | 1227.0 |
               +--------+--------+--------+--------+--------+-----+--------+

Top non-repeatable levels by time:
     D:3: 1466 daAuts
     D:2: 1461 daAuts
     D:1: 1074 daAuts
     D:4: 905 daAuts
